 Dungeon Crawl Stone Soup version 0.17-a0-2070-g2a5e0a8 (webtiles) character file.

1659 Ordine the Basher (level 8, -1/64 HPs)
             Began as a Minotaur Berserker on Oct 14, 2015.
             Was an Elder of Trog.
             Slain by a worker ant (5 damage)
             ... on level 6 of the Dungeon.
             The game lasted 00:10:32 (4703 turns).

Ordine the Basher (Minotaur Berserker)              Turns: 4703, Time: 00:10:32

Health: -1/64      AC:  6    Str: 21    XL:     8   Next: 68%
Magic:  7/7        EV: 11    Int:  4    God:    Trog [****..]
Gold:   271        SH:  0    Dex: 13    Spells: 0 memorised, 7 levels left

rFire  . . .     SeeInvis .     s - -2 quarterstaff (curse)
rCold  . . .     Clarity  +     a - -1 ring mail (curse)
rNeg   . . .     SustAt   .     (no shield)
rPois  .         Gourm    .     (helmet restricted)
rElec  .         Spirit   .     b - +1 cloak
rCorr  .         Warding  .     (no gloves)
rMut   .         Stasis   .     (no boots)
MR     .....                    o - amulet of clarity
Stlth  +.........               (no ring)
                                (no ring)

@: exhausted, slowed, drained, very slow, not resistant to hostile enchantments,
very unstealthy
A: retaliatory headbutt, horns 2
a: Burn Spellbooks, Berserk, Trog's Hand, Brothers in Arms, Renounce Religion


You were on level 6 of the Dungeon.
You worshipped Trog.
Trog was greatly pleased with you.
You were hungry.

You visited 1 branch of the dungeon, and saw 6 of its levels.

You collected 271 gold pieces.

Inventory:

Hand Weapons
 r - a +2 flail of holy wrath
 s - a cursed -2 quarterstaff (weapon)
Armour
 a - a cursed -1 ring mail (worn)
 b - a +1 cloak (worn)
 h - a +4 chain mail of cold resistance
Jewellery
 o - an amulet of clarity (around neck)
Scrolls
 g - a scroll of magic mapping
Potions
 d - a potion of heal wounds {unknown}
 e - a potion of invisibility
 j - a potion of cancellation {unknown}
 l - a potion of haste {unknown}
 m - a potion of degeneration {unknown}
 n - a potion of curing
 q - a potion of lignification {unknown}
Comestibles
 c - 4 bread rations
 f - a beef jerky
 i - 4 slices of pizza
 k - 2 fruits


   Skills:
 - Level 3.6(3.3) Fighting
 + Level 13.2(12.8) Maces & Flails
 - Level 2.4(2.1) Armour
 - Level 2.1(1.8) Dodging


You had 7 spell levels left.
You didn't know any spells.

Dungeon Overview and Level Annotations

Branches:
Dungeon (6/15)
 Temple: D:4-7

Altars:
Nemelex Xobeh


Innate Abilities, Weirdness & Mutations

You reflexively headbutt those who attack you in melee.
You have a pair of horns on your head.


Message History

The worker ant is heavily wounded.
The worker ant bites you but does no damage.
You barely miss the worker ant.
The worker ant is heavily wounded.
The worker ant waves its antennae.
The worker ant bites you.
* * * LOW HITPOINT WARNING * * *
The worker ant closely misses you.
You hit the worker ant.
The worker ant is heavily wounded.
The worker ant bites you.
* * * LOW HITPOINT WARNING * * *
The worker ant barely misses you.
You sock the worker ant!
The worker ant is almost dead.
The worker ant barely misses you.
You closely miss the worker ant. Your headbutt misses the worker ant.
The worker ant is almost dead.
The worker ant bites you.
You die...

#.# #.# #.# #.#
#.# #.# #.# #.#
#.###.# #.##..#
#.##
##.########..##
#.#...##)@a.)....
#.(...)).####..##
#......####
#.......#
#.......#
#.......#
##.....## ##...##
##.#


You could see a worker ant.

Vanquished Creatures
  Pikel (D:4)
  Edmund (D:4)
  An ogre (D:5)
  A centaur (D:5)
  5 wights (D:6)
  A crimson imp (D:5)
  A jelly (D:5)
  6 orc wizards
  3 orc priests
  Ijyb (D:2)
  3 worker ants
  Terence (D:3)
  An iguana (D:4)
  Robin (D:4)
  4 gnolls (D:2)
  11 adders
  2 worms
  4 giant geckos
  11 orcs
  6 giant cockroaches
  9 hobgoblins
  8 jackals
  3 quokkas (D:2)
  3 bats
  4 giant newts
  16 goblins
  7 kobolds
  A quokka zombie (D:5)
  6 rats
122 creatures vanquished.

Vanquished Creatures (others)
  An orc wizard (D:4)
  2 worms (D:4)
  2 orcs (D:4)
  A giant cockroach (D:4)
6 creatures vanquished.

Grand Total: 128 creatures vanquished

Notes
Turn   | Place    | Note
--------------------------------------------------------------
     0 | D:1      | Ordine the Minotaur Berserker began the quest for the Orb.
     0 | D:1      | Reached XP level 1. HP: 19/19 MP: 0/0
   138 | D:1      | Reached skill level 4 in Maces & Flails
   476 | D:1      | Reached XP level 2. HP: 24/26 MP: 1/1
   795 | D:1      | Reached ** piety under Trog
   919 | D:2      | Reached skill level 5 in Maces & Flails
  1008 | D:2      | Reached XP level 3. HP: 29/31 MP: 2/2
  1020 | D:2      | Reached skill level 6 in Maces & Flails
  1020 | D:2      | Reached XP level 4. HP: 6/39 MP: 3/3
  1377 | D:2      | Noticed Ijyb
  1388 | D:2      | Killed Ijyb
  1954 | D:2      | Reached XP level 5. HP: 33/45 MP: 4/4
  2032 | D:3      | Reached skill level 7 in Maces & Flails
  2132 | D:3      | Noticed Terence
  2138 | D:3      | Killed Terence
  2215 | D:3      | Found a sparkling altar of Nemelex Xobeh.
  2450 | D:3      | Reached skill level 8 in Maces & Flails
  2597 | D:4      | Reached *** piety under Trog
  2597 | D:4      | Reached XP level 6. HP: 51/51 MP: 5/5
  2702 | D:4      | Noticed Robin
  2712 | D:4      | Killed Robin
  2777 | D:4      | Noticed a slave
  2777 | D:4      | Noticed a slave
  2779 | D:4      | Noticed a slave
  2780 | D:4      | Noticed Pikel
  2785 | D:4      | Noticed a slave
  2792 | D:4      | Killed Pikel
  2792 | D:4      | Reached skill level 10 in Maces & Flails
  2792 | D:4      | Reached XP level 7. HP: 26/57 MP: 6/6
  3350 | D:4      | Reached skill level 11 in Maces & Flails
  3581 | D:4      | Noticed Edmund
  3612 | D:4      | Killed Edmund
  3612 | D:4      | Reached XP level 8. HP: 43/64 MP: 7/7
  3688 | D:4      | Reached **** piety under Trog
  3881 | D:5      | Entered Level 5 of the Dungeon
  4066 | D:5      | Reached skill level 12 in Maces & Flails
  4678 | D:6      | Reached skill level 13 in Maces & Flails
  4701 | D:6      | HP: 3/64 [worker ant (2)]
  4703 | D:6      | Slain by a worker ant

Vault maps used:
D:1:      evilmike_arrival_rings
D:2:      uniq_iyjb
D:3:      nicolae_overflow_hidden_temple, first_bread, uniq_terence
D:4:      uniq_robin, uniq_edmund, uniq_pikel
D:6:      kennysheep_little_box, lemuel_temple_firewalk_marked

Action                   |  1- 3 |  4- 6 |  7- 9 || total
-------------------------+-------+-------+-------++-------
Melee: Mace              |    60 |       |       ||    60
       Flail             |       |   101 |   102 ||   203
       Quarterstaff      |       |       |    51 ||    51
Invok: Berserk           |     1 |     3 |     1 ||     5
  Use: Scroll            |       |     2 |     3 ||     5
 Stab: Sleeping          |     1 |     1 |       ||     2
  Eat: Chunk             |       |     9 |     6 ||    15
       Beef jerky        |       |       |     1 ||     1
